 Dungeon Crawl Stone Soup version 0.25.1-2-g60ff931df9 (webtiles) character file.

Game seed: 12179494494107626394

118 MissAmeliaDuncan the Sneak (level 5, -1/26 HPs)
             Began as a Vine Stalker Assassin on Sept 19, 2020.
             Succumbed to an orc wizard's poison
             ... on level 3 of the Dungeon.
             The game lasted 00:20:58 (2405 turns).

MissAmeliaDuncan the Sneak (Vine Stalker Assassin)  Turns: 2405, Time: 00:20:59

Health: -1/26      AC:  7    Str: 14    XL:     5   Next: 2%
Magic:  2/6        EV:  9    Int: 11    God:
Gold:   152        SH:  0    Dex: 16    Spells: 4/4 levels left

rFire    . . .     SeeInvis .   a - +2 dagger
rCold    . . .     Gourm    .   (no shield)
rNeg     . . .     Faith    .   s - +0 scale mail
rPois    .         Spirit   +   M - +0 hat
rElec    .         Reflect  .   c - +0 cloak
rCorr    .         Harm     .   (no gloves)
MR       .....                  (no boots)
Stlth    +.........             (no amulet)
HPRegen  0.48/turn              p - ring of attention (curse)
MPRegen  0.10/turn              (no ring)

@: lethally poisoned (-1 -> -21)
A: fangs 2, regeneration 1, magic shield, antimagic bite, no potion heal 3, rot
immunity
a: no special abilities


You were on level 3 of the Dungeon.
You were not hungry.

You visited 1 branch of the dungeon, and saw 3 of its levels.

You collected 152 gold pieces.

Inventory:

Hand Weapons
 a - a +2 dagger (weapon)
 j - a +0 club
 m - a +0 club
 q - a +0 club
 t - a +0 club
 v - a +0 whip
 x - a +0 club
 y - a +0 club
 z - a +0 club
 A - a +0 club
 D - a +0 short sword
 F - a +0 club
 H - a +0 club
 I - a +0 club
 J - a +0 flail
 K - a +0 hunting sling
 N - a +0 mace
 P - a +0 whip
 Q - a +0 club
Missiles
 d - 20 poisoned darts (quivered)
 e - 2 curare-tipped darts
 k - 17 bolts
 w - 19 stones
 L - 16 sling bullets
Armour
 b - a +0 robe
 c - a +0 cloak (worn)
 l - a +0 leather armour
 o - a +0 leather armour
 s - a +0 scale mail (worn)
 M - a +0 hat (worn)
 O - a +0 pair of boots
Jewellery
 p - a cursed ring of attention (left hand)
Wands
 R - a wand of iceblast (5)
Scrolls
 g - 4 scrolls of teleportation {unknown}
 h - 9 scrolls of identify {unknown}
 i - a scroll of immolation {unknown}
 n - 2 scrolls of remove curse {unknown}
 E - a scroll of fog {unknown}
 G - a scroll of fear {unknown}
Potions
 r - a potion of flight {unknown}
 u - 2 potions of curing
 C - a potion of haste {unknown}
Comestibles
 f - 7 rations


   Skills:
 + Level 2.3 Fighting
 + Level 2.7 Short Blades
 + Level 2.0 Throwing
 + Level 1.1 Armour
 + Level 1.1 Dodging
 + Level 6.0 Stealth


You had 4 spell levels left.
You didn't know any spells.
Your spell library was empty.

Dungeon Overview and Level Annotations

Branches:
Dungeon (3/15)

Altars:
Yredelemnul


Innate Abilities, Weirdness & Mutations

You have extremely sharp teeth.
Your natural rate of healing is unusually fast.
When hurt, damage is shared between your health and your magic reserves.
Your bite disrupts and absorbs the magic of your enemies.
Potions cannot restore your health.
You are immune to rotting.


Message History

You bite the orc wizard, but do no damage.
The orc wizard is severely wounded.
You feel sick.
The orc wizard hits you with a +2 dagger of venom.
* * * LOW HITPOINT WARNING * * *
You are more poisoned.
You hit the orc wizard.
You bite the orc wizard, but do no damage.
The orc wizard is almost dead.
* * * LOW HITPOINT WARNING * * *
You feel very sick.
The orc wizard hits you but does no damage.
You hit the orc wizard.
You kill the orc wizard!
Your Armour skill increases to level 1!
You have reached level 5!
* * * LOW HITPOINT WARNING * * *
You feel sick.
You completely miss the hobgoblin.
You die...

#. #..# . # #.. #..# .. #
..##o.# ... . .>...###...#
. #...#.. .## #
.####..o.##...# #
......g........ ###
#########..#####.. ..#
.......@go.......# #.######
##########..####.# ........
...............
..#################......#.
..........#........#.....#
....#####.#.######.#.....#
........#.#.######.##..###
#######.#.#.....##.# ..#
......#.#.#####.##.# ..#


You could see an orc and a hobgoblin.

Vanquished Creatures
  An orc wizard (D:3)
  An adder (D:2)
  2 oozes
  2 worms (D:2)
  3 dart slugs (D:1)
  2 leopard geckos
  4 orcs (D:3)
  3 giant cockroaches (D:2)
  6 goblins
  10 hobgoblins
  2 jackals (D:1)
  A quokka (D:2)
  4 frilled lizards
  7 kobolds
  8 rats
  A spectral orc (D:3)
57 creatures vanquished.

Notes
Turn   | Place    | Note
-------+----------+-------------------------------------------
     0 | D:1      | MissAmeliaDuncan the Vine Stalker Assassin began the quest
                  | for the Orb.
     0 | D:1      | Reached XP level 1. HP: 11/11 MP: 2/2
   230 | D:1      | Reached skill level 5 in Stealth
   230 | D:1      | Reached XP level 2. HP: 12/15 MP: 3/3
   974 | D:1      | Reached XP level 3. HP: 18/18 MP: 4/4
  1609 | D:2      | Reached skill level 1 in Dodging
  1609 | D:2      | Gained mutation: Your natural rate of healing is unusually
                  | fast. [Vine Stalker growth]
  1609 | D:2      | Reached XP level 4. HP: 16/23 MP: 3/5
  1618 | D:2      | Reached skill level 6 in Stealth
  2109 | D:3      | Found a basalt altar of Yredelemnul.
  2404 | D:3      | Reached skill level 1 in Armour
  2404 | D:3      | Reached XP level 5. HP: 2/26 MP: 2/6
  2404 | D:3      | HP: 1/26 [poisoned by an orc wizard]
  2405 | D:3      | Succumbed to an orc wizard's poison

Illustrated notes

Levels and vault maps discovered:
D:1:      zelgadis_glass_arrival_small, layout_loops_ring
D:2:      minmay_diamond_boxcup, layout_loops_cross
D:3:      layout_basic, yredelemnul_forgotten_temple_becter, first_ration,
          nicolae_dithmenos_shadow_blocks

Skill      XL: |  1  2  3  4 |
---------------+-------------+-----
Stealth        | 5 6 |  6.0
Throwing       | 2 |  2.0
Fighting       | 2 |  2.3
Short Blades   | 2 |  2.7
Dodging        | 1 |  1.1
Armour         | 1 |  1.1

Action                   |  1- 3 |  4- 6 || total
-------------------------+-------+-------++-------
Melee: Dagger            |   121 |    84 ||   205
       Bite              |    39 |    24 ||    63
Throw: Dart              |     2 |       ||     2
  Use: Potion            |     1 |     1 ||     2
 Stab: Sleeping          |     3 |       ||     3
  Eat: Chunk             |     2 |     3 ||     5
Armor: Robe              |     4 |       ||     4
       Scale mail        |    40 |    28 ||    68
Dodge: Dodged            |    42 |    22 ||    64
